 Dungeon Crawl Stone Soup version 0.19.4-8-ga85b6b9 (webtiles) character file.

79 Delusionist the Insei (level 4, -1/35 HPs)
             Began as a Demonspawn Chaos Knight on Feb 9, 2017.
             Slain by an orc
             ... wielding a +0 flail
              (6 damage)
             ... on level 3 of the Dungeon.
             The game lasted 00:05:13 (1724 turns).

Delusionist the Insei (Demonspawn Chaos Knight)     Turns: 1724, Time: 00:05:13

Health: -1/35      AC:  5    Str: 13    XL:     4   Next: 17%
Magic:  4/4        EV:  8    Int: 13    God:    Xom [..*...]
Gold:   142        SH:  0    Dex: 13    Spells: 0 memorised, 3 levels left

rFire  + . .     SeeInvis .       - Unarmed
rCold  . . .     Gourm    .     a - +2 leather armour
rNeg   . . .     Faith    .     (no shield)
rPois  .         Spirit   .     (no helmet)
rElec  .         Reflect  .     (no cloak)
rCorr  .         Harm     .     (no gloves)
MR     .....                    (no boots)
Stlth  +.........               l - amulet of rage
                                (no ring)
                                k - -3 ring of evasion (curse)

@: no status effects
A: claws 1, talons 1, fire resistance 1
a: Renounce Religion, Evoke Berserk Rage


You were on level 3 of the Dungeon.
You worshipped Xom.
You were a toy of Xom.
You were not hungry.

You visited 1 branch of the dungeon, and saw 3 of its levels.

You collected 142 gold pieces.

Inventory:

Armour
 a - a +2 leather armour (worn)
Jewellery
 k - a cursed -3 ring of evasion (left claw)
 l - an amulet of rage (around neck)
Scrolls
 c - a scroll of identify
Potions
 d - 3 potions of resistance
 e - a potion of cancellation {unknown}
 g - 2 potions of beneficial mutation {unknown}
 i - a potion of heal wounds {unknown}
 j - a potion of brilliance {unknown}
 m - a potion of degeneration {unknown}
Comestibles
 b - 2 bread rations
 f - 2 chunks of flesh


   Skills:
 + Level 3.5 Fighting
 + Level 2.3 Armour
 - Level 1.1 Dodging
 + Level 3.8 Unarmed Combat


You had 3 spell levels left.
You didn't know any spells.

Dungeon Overview and Level Annotations

Branches:
Dungeon (3/15)

Altars:
Dithmenos


Innate Abilities, Weirdness & Mutations

You have sharp fingernails.
You have sharp toenails.
Your flesh is heat resistant. (rF+)


Message History

The orc is moderately wounded.
The orc closely misses you.
The orc hits you from afar with a trident.
You scratch the orc. You claw the orc, but do no damage.
The orc is almost dead.
The orc hits you with a flail.
* * * LOW HITPOINT WARNING * * *
The orc closely misses you.
You closely miss the orc. Your kick misses the orc.
The orc is almost dead.
The orc hits you with a flail.
* * * LOW HITPOINT WARNING * * *
You closely miss the orc. Your kick misses the orc.
The orc is almost dead.
The orc barely misses you.
You scratch the orc but do no damage.
The orc is almost dead.
The orc hits you but does no damage. The orc hits you with a flail.
You die... "It's not fun and games unless someone loses an eye."

........# #....#.#
#....... #......####
#.........
#.......##########
#.................
+.........o##########
#......#.#so@.......#
###+#..#.##########.#
#..#.. .#)# #.s###.
.#.# #... .# ##.#.#
##.# # #..#.# #.##.##
#.....# #..#..#


You could see 2 orcs and a giant cockroach.

Vanquished Creatures
  An orc priest (D:3)
  An adder (D:2)
  2 dart slugs
  2 leopard geckos (D:1)
  2 orcs (D:3)
  3 giant cockroaches
  5 goblins
  5 hobgoblins
  A quokka (D:2)
  4 bats
  A frilled lizard (D:1)
  3 kobolds (D:2)
  2 rats (D:2)
32 creatures vanquished.

Notes
Turn   | Place    | Note
-------+----------+-------------------------------------------
     0 | D:1      | Delusionist the Demonspawn Chaos Knight began the quest for the Orb.
     0 | D:1      | Reached XP level 1. HP: 18/18 MP: 1/1
   160 | D:1      | Reached skill level 1 in Dodging
   167 | D:1      | Gained mutation: You have sharp toenails. [demonic ancestry]
   167 | D:1      | Reached XP level 2. HP: 16/24 MP: 2/2
   403 | D:1      | XOM: divination: detect creatures
   690 | D:1      | XOM: god gift: scroll labeled JIMYCHUUNTU {god gift}
   872 | D:2      | XOM: 1-stop teleportation journey
   943 | D:2      | Gained mutation: You have sharp fingernails. [demonic ancestry]
   943 | D:2      | Reached XP level 3. HP: 29/29 MP: 3/3
  1001 | D:2      | XOM: harmless Tloc miscast
  1101 | D:2      | Found a shadowy altar of Dithmenos.
  1207 | D:2      | XOM: potion effect (curing)
  1440 | D:2      | XOM: silly message
  1649 | D:3      | XOM: stealth player
  1711 | D:3      | Gained mutation: Your flesh is heat resistant. (rF+) [demonic ancestry]
  1711 | D:3      | Reached XP level 4. HP: 26/35 MP: 4/4
  1724 | D:3      | Slain by an orc

Skill      XL: |  1  2 |
---------------+-------+-----
Dodging        | 1 |  1.1
Unarmed Combat | 3 |  3.8
Armour         | 2 |  2.3
Fighting       | |  3.5

Action                   |  1- 3 |  4- 6 || total
-------------------------+-------+-------++-------
Melee: Unarmed           |   128 |    13 ||   141
       Kick              |    18 |     5 ||    23
       Punch             |     1 |       ||     1
  Use: Scroll            |     3 |       ||     3
 Stab: Sleeping          |     1 |       ||     1
  Eat: Chunk             |     3 |       ||     3
Armor: Leather armour    |    62 |     2 ||    64
Dodge: Dodged            |    91 |     9 ||   100
